 Dungeon Crawl Stone Soup version 0.19.5 (webtiles) character file.

4914 McKennaii the Thaumaturge (level 10, -1/62 HPs)
             Began as a High Elf Air Elementalist on Apr 21, 2017.
             Was a Believer of Sif Muna.
             Killed from afar by a rime drake (20 damage)
             ... with a flash freeze
             ... on level 1 of the Lair of Beasts.
             The game lasted 00:29:09 (10184 turns).

McKennaii the Thaumaturge (HEAE)                   Turns: 10184, Time: 00:29:10

Health: -1/62      AC:  5    Str:  7    XL:     10   Next: 27%
Magic:  14/24      EV: 13    Int: 23    God:    Sif Muna [**....]
Gold:   422        SH:  5    Dex: 16    Spells: 4 memorised, 17 levels left

rFire  . . .     SeeInvis .     m - +2 long sword
rCold  . . .     Gourm    .     f - +1 leather armour
rNeg   . . .     Faith    .     (no shield)
rPois  +         Spirit   .     h - +0 helmet
rElec  .         Reflect  +     (no cloak)
rCorr  .         Harm     .     (no gloves)
MR     +....                    (no boots)
Stlth  ++........               K - +5 amulet of reflection
                                B - ring of wizardry
                                H - ring of poison resistance

@: repel missiles
A: no striking features
a: Divine Energy, Renounce Religion


You were on level 1 of the Lair of Beasts.
You worshipped Sif Muna.
Sif Muna was pleased with you.
You were not hungry.

You visited 3 branches of the dungeon, and saw 11 of its levels.

You collected 422 gold pieces.

Inventory:

Hand Weapons
 m - a +2 long sword (weapon)
Armour
 f - a +1 leather armour (worn)
 h - a +0 helmet (worn)
Jewellery
 o - an uncursed ring of protection from magic
 w - an uncursed ring of positive energy
 B - a ring of wizardry (right hand)
 C - an uncursed ring of protection from cold
 D - an uncursed ring of protection from fire
 H - a ring of poison resistance (left hand)
 K - a +5 amulet of reflection (around neck)
Wands
 c - a wand of iceblast (15/15)
 g - a wand of slowing (9/48)
 p - a wand of flame (16/48)
 s - a wand of hasting (6/9)
 x - a wand of acid (3/15)
 y - a wand of paralysis (13/24)
 G - a wand of digging (9/24)
 L - a wand of lightning (12/15)
Scrolls
 d - a scroll of identify
 j - a scroll of fog
 k - 2 scrolls of fear
Potions
 a - a potion of brilliance
 e - a potion of curing {unknown}
 t - a potion of berserk rage
 v - a potion of might
 E - 3 potions of invisibility
 I - a potion of agility
Books
 b - a book of Air

   Spells                             Type                      Level
   a - Shock                          Conjuration/Air              1
   b - Swiftness                      Charms/Air                   2
   c - Repel Missiles                 Charms/Air                   2
   d - Static Discharge               Conjuration/Air              3
   e - Lightning Bolt                 Conjuration/Air              5
 r - a book of Battle

   Spells                             Type                      Level
   a - Infusion                       Charms                       1
   b - Shroud of Golubria             Charms/Translocation         2
   c - Song of Slaying                Charms                       2
   d - Spectral Weapon                Hexes/Charms                 3
   e - Regeneration                   Charms/Necromancy            3
Comestibles
 i - 3 fruits
 l - 2 beef jerkies
 q - 3 bread rations
 u - a meat ration
 J - 6 slices of pizza


   Skills:
 + Level 2.8 Fighting
 + Level 4.8 Long Blades
 + Level 3.6 Armour
 + Level 4.0 Dodging
 + Level 3.8 Stealth
 + Level 9.2 Spellcasting
 + Level 8.2 Conjurations
 + Level 0.2 Charms
 + Level 8.9 Air Magic


You had 17 spell levels left.
You knew the following spells:

 Your Spells              Type           Power        Failure   Level  Hunger
a - Shock                 Conj/Air       ####         1%          1    None
b - Swiftness             Chrm/Air       ####....     1%          2    None
c - Repel Missiles        Chrm/Air       ####..       1%          2    None
d - Lightning Bolt        Conj/Air       ######....   4%          5    ####...


Dungeon Overview and Level Annotations

Branches:
Dungeon (9/15)             Temple (1/1) D:5            Lair (1/6) D:9
    Orc (0/2) D:9

Altars:
Ashenzari
Cheibriados
Dithmenos
Elyvilon
Fedhas
Gozag
Hepliaklqana
Kikubaaqudgha
Makhleb
Nemelex Xobeh
Okawaru
Qazlal
Ru
Sif Muna
Trog
Uskayaw
Vehumet
Xom
Yredelemnul
Zin
The Shining One

Annotations:
D:6 happy2pester's ghost, novice HOFi
D:7 Joseph


Message History

Casting: Shock
Confirm with . or Enter, or press ? or * to list all spells.
Aiming: Lightning Bolt
Press: ? - help, Shift-Dir - straight line, f - rime drake
Aim: a rime drake (moderately wounded, catching its breath, fleeing)
You hear a mighty clap of thunder!
The bolt of lightning misses the rime drake.
The ice encasing you melts away.
Casting: Lightning Bolt
Confirm with . or Enter, or press ? or * to list all spells.
Aiming: Lightning Bolt
Press: ? - help, Shift-Dir - straight line, f/p - rime drake
Aim: a rime drake (moderately wounded, catching its breath, fleeing)
You hear a mighty clap of thunder!
The bolt of lightning hits the rime drake.
The rime drake is almost dead.
Your attack snaps the rime drake out of its fear.
The rime drake breathes ice at you. The flash freeze hits you!
You die...

##.............#................
#.............##...............
#............P###..............
##.....P##...## #..###.........
#.....###...####..†###........
#....## #...#P##..#..........#
#....# #............#......##
#....####............P.......#
#............@######..........
#....###...#...# ..........
###.#.####.#...######.#........
#P...(.........†...............
#..............................
#.............k.....(..........
##.............................
##............................
##..................#.......>


You could see a rime drake (fleeing).

Vanquished Creatures
  A hill giant (D:8)
  4 hippogriffs
  A spriggan (D:8)
  3 yaks (Lair:1)
  A hungry ghost (D:8)
  Edmund (D:5)
  A hell hound (D:9)
  2 orc warriors (D:6)
  An ice beast (D:6)
  A necrophage (D:8)
  6 ogres
  2 centaurs
  A crocodile (Lair:1)
  Blork the orc (D:4)
  4 bullfrogs
  A gnoll sergeant (D:6)
  A water moccasin zombie (D:8)
  3 scorpions
  5 wights (D:6)
  A bullfrog zombie (D:6)
  5 crimson imps
  A hound (D:4)
  3 orc priests (D:6)
  2 orc wizards (D:6)
  A centaur skeleton (D:4)
  An iguana (D:7)
  5 worker ants
  2 hound zombies (D:6)
  A worker ant zombie (D:7)
  Robin (D:4)
  13 gnolls
  11 adders
  A shadow imp (D:8)
  An adder zombie (D:7)
  A worm (D:2)
  3 dart slugs
  8 leopard geckos
  10 orcs
  A ball python (D:3)
  6 bats
  10 giant cockroaches
  16 goblins
  8 hobgoblins
  15 jackals
  8 kobolds
  A quokka (D:4)
  6 frilled lizards
  6 rats
188 creatures vanquished.

Notes
Turn   | Place    | Note
-------+----------+-------------------------------------------
     0 | D:1      | McKennaii the High Elf Air Elementalist began the quest for the Orb.
     0 | D:1      | Reached XP level 1. HP: 11/11 MP: 4/4
   313 | D:1      | Reached XP level 2. HP: 11/17 MP: 3/6
   940 | D:2      | Reached XP level 3. HP: 21/21 MP: 0/8
  1168 | D:2      | Reached skill level 3 in Spellcasting
  1339 | D:2      | Noticed a water elemental
  1341 | D:2      | Found a stormy altar of Qazlal.
  1342 | D:2      | Noticed a fire elemental
  1342 | D:2      | Noticed an earth elemental
  1342 | D:2      | Noticed an air elemental
  1483 | D:2      | Reached XP level 4. HP: 27/27 MP: 1/9
  1594 | D:2      | You fall through a shaft for 2 floors!
  1635 | D:4      | Noticed an ogre
  1641 | D:4      | Killed an ogre
  1641 | D:4      | Reached XP level 5. HP: 31/31 MP: 5/11
  1820 | D:3      | Reached skill level 4 in Spellcasting
  2043 | D:2      | Found a shattered altar of Ashenzari.
  2043 | D:2      | Found an iron altar of Okawaru.
  2048 | D:2      | Found a white marble altar of Elyvilon.
  2054 | D:2      | You fall through a shaft for 2 floors!
  2806 | D:3      | Reached XP level 6. HP: 37/37 MP: 9/13
  3070 | D:4      | Noticed Blork the orc
  3097 | D:4      | Killed Blork the orc
  3097 | D:4      | Reached skill level 1 in Armour
  3097 | D:4      | Reached skill level 5 in Air Magic
  3163 | D:4      | Found a sacrificial altar of Ru.
  3724 | D:4      | Noticed Robin
  3732 | D:4      | Killed Robin
  3843 | D:5      | Entered Level 5 of the Dungeon
  3989 | D:5      | Reached XP level 7. HP: 41/42 MP: 5/15
  4059 | D:5      | Noticed Edmund
  4069 | D:5      | Killed Edmund
  4069 | D:5      | Reached skill level 1 in Fighting
  4069 | D:5      | Reached skill level 1 in Long Blades
  4069 | D:5      | Reached skill level 5 in Spellcasting
  4100 | D:5      | Found a blossoming altar of Fedhas.
  4317 | D:5      | Found a snail-covered altar of Cheibriados.
  4361 | D:5      | Found a staircase to the Ecumenical Temple.
  4370 | Temple   | Entered the Ecumenical Temple
  4736 | D:6      | Found a deep blue altar of Sif Muna.
  4752 | D:6      | Reached skill level 5 in Conjurations
  5102 | D:6      | Learned a level 2 spell: Swiftness
  5105 | D:6      | Learned a level 2 spell: Repel Missiles
  5199 | D:6      | Reached XP level 8. HP: 29/48 MP: 8/17
  5230 | D:6      | Reached skill level 6 in Spellcasting
  5592 | D:6      | Found a hazy altar of Hepliaklqana.
  5838 | D:6      | Noticed happy2pester's ghost (novice HOFi)
  6396 | D:6      | Became a worshipper of Sif Muna the Loreminder
  6418 | D:6      | Reached skill level 7 in Spellcasting
  6934 | D:7      | Reached XP level 9. HP: 54/54 MP: 18/21
  7259 | D:7      | Noticed Joseph
  7603 | D:7      | Reached * piety under Sif Muna
  7603 | D:7      | Reached skill level 8 in Spellcasting
  7712 | D:8      | Found a glowing golden altar of the Shining One.
  7757 | D:8      | Found a basalt altar of Yredelemnul.
  7759 | D:8      | Noticed a profane servitor
  7938 | D:8      | Noticed a hill giant
  8074 | D:8      | Learned a level 5 spell: Lightning Bolt
  8181 | D:8      | Killed a hill giant
  8579 | D:8      | Found a shimmering altar of Xom.
  8580 | D:8      | Found a burning altar of Makhleb.
  8736 | D:8      | Noticed an angel
  8799 | D:9      | Found a staircase to the Orcish Mines.
  8852 | D:9      | Reached ** piety under Sif Muna
  8937 | D:9      | Found a staircase to the Lair.
  8956 | D:9      | Reached XP level 10. HP: 29/61 MP: 19/23
  9401 | D:9      | Reached skill level 9 in Spellcasting
  9624 | Lair:1   | Entered Level 1 of the Lair of Beasts
 10184 | Lair:1   | Killed from afar by a rime drake

Skill      XL: |  1  2  3  4  5  6  7  8  9 10 |
---------------+-------------------------------+-----
Air Magic      | 4 5 7 8 |  8.9
Spellcasting   | 3 4 5 7 8 9 |  9.2
Stealth        | 3 |  3.8
Conjurations   | 2 3 4 5 6 7 8 |  8.2
Armour         | 1 2 3 |  3.6
Fighting       | 1 2 |  2.8
Long Blades    | 2 3 4 |  4.8
Dodging        | 3 4 |  4.0
Charms         | |  0.2

Action                   |  1- 3 |  4- 6 |  7- 9 | 10-12 || total
-------------------------+-------+-------+-------+-------++-------
Melee: Unarmed           |     5 |       |       |       ||     5
       Long sword        |       |    18 |    49 |    13 ||    80
 Cast: Shock             |    73 |   133 |   319 |    61 ||   586
       Repel Missiles    |       |       |     1 |       ||     1
       Lightning Bolt    |       |       |     2 |     4 ||     6
  Use: Potion            |     1 |     3 |       |       ||     4
       Scroll            |       |       |    11 |     4 ||    15
  Eat: Bread ration      |       |     2 |     2 |       ||     4
       Beef jerky        |       |     1 |       |       ||     1
       Pizza             |       |       |     2 |       ||     2
       Meat ration       |       |       |     1 |     1 ||     2
Armor: Robe              |     3 |       |       |       ||     3
       Leather armour    |       |    11 |    38 |     5 ||    54
Dodge: Dodged            |     9 |    37 |    60 |    15 ||   121
       Deflected         |       |       |     7 |     1 ||     8
Block: Other             |       |       |       |     9 ||     9
       Rpst.: Long sword |       |    13 |    18 |     3 ||    34
